 Dungeon Crawl Stone Soup version 0.31-a0-446-g07c4bd200f (webtiles) character file.

Game seed: 11938499176120572899

2951 Ethylacetat the Changeling (level 9, -1/48 HPs)
             Began as a Vine Stalker Monk on Aug 3, 2023.
             Slain by an ufetubus (3 damage)
             ... on level 6 of the Dungeon.
             The game lasted 00:12:16 (5581 turns).

Ethylacetat the Changeling (Vine Stalker Monk)      Turns: 5581, Time: 00:12:16

Health: -1/48      AC: 16    Str: 14    XL:     9   Next: 81%
Magic:  0/18       EV: 13    Int: 10    God:
Gold:   172        SH:  0    Dex: 21    Spells: 16/19 levels left

rFire   . . .        y - +7 staff of the Meek {protect, meekguard}
rCold   . . .        (shield currently unavailable)
rNeg    . . .        a - +0 robe
rPois   .            (helmet currently unavailable)
rElec   .            (cloak currently unavailable)
rCorr   .            (gloves currently unavailable)
SInv    +            (boots currently unavailable)
Will    +....        (no amulet)
Stlth   ++           t - ring of see invisible
HPRegen 1.08/turn    (no ring)
MPRegen 0.16/turn

%: guardian spirit
@: beast-form, under a protective aura
A: beast (slay +4), fangs 3, regeneration 1, magic shield, antimagic bite, no
potion heal 2
a: Begin Untransformation


You were on level 6 of the Dungeon.
You were a hulking beast.
You visited 2 branches of the dungeon, and saw 7 of its levels.
You also visited: Sewer.

You collected 313 gold pieces.
You spent 141 gold pieces at shops.

Inventory:

Hand Weapons
 s - the +4 spear of the Grey Skies {drain, *Rage rN+ Will+ Dex+3}
   (You found it on level 3 of the Dungeon)

   Dex:       It affects your dexterity (+3).
   rN:        It protects you from negative energy.
   *Rage:     It berserks you when you make melee attacks (+20% chance).
   Will:      It increases your willpower.
 y - the +7 staff of the Meek (weapon) {protect, meekguard}
   (You found it on level 6 of the Dungeon)
Armour
 a - a +0 robe (worn)
 c - an orb of light
 g - a +2 helmet
 v - the +1 pair of boots of the Spider Nest {Fly}
   (You found it on level 4 of the Dungeon)

   Fly:       It grants you flight.
Jewellery
 t - a ring of see invisible (left hand)
Talismans
 d - a beast talisman (active)
Wands
 q - a wand of polymorph (11)
 x - a wand of flame (23)
Scrolls
 e - 4 scrolls of teleportation {unknown}
 f - a scroll of blinking {unknown}
 i - 3 scrolls of identify
 j - 2 scrolls of fog {unknown}
 l - 2 scrolls of enchant armour {unknown}
 m - 4 scrolls of amnesia {unknown}
 n - 2 scrolls of immolation {unknown}
 r - 2 scrolls of enchant weapon {unknown}
 A - a scroll of noise {unknown}
 B - a scroll of poison {unknown}
Potions
 b - 2 potions of lignification {unknown}
 h - 2 potions of might {unknown}
 k - 2 potions of enlightenment
 o - 2 potions of invisibility {unknown}
 p - 3 potions of curing
 u - a potion of magic {unknown}
 w - a potion of resistance {unknown}
 z - a potion of brilliance {unknown}


   Skills:
 + Level 6.0 Fighting
 - Level 2.4 Dodging
 + Level 6.6 Unarmed Combat
 + Level 5.7 Spellcasting
 * Level 7.0 Shapeshifting


You had 16 spell levels left.
You knew the following spells:

 Your Spells              Type           Power      Damage    Failure   Level
a - Vhi's Electric Charg  Tloc/Air       4%         N/A       54%         3

Your spell library contained the following spells:

 Spells                   Type           Power      Damage    Failure   Level
 Sandblast                Erth           4%         2d4       22%         1
 Passwall                 Tmut/Erth      1%         N/A       32%         2
 Inner Flame              Hex/Fire       2%         N/A       54%         3
 Stone Arrow              Conj/Erth      4%         3d7       54%         3
 Tukima's Dance           Hex            2%         N/A       54%         3
 Passage of Golubria      Tloc           2%         N/A       91%         4
 Arcjolt                  Conj/Air       1%         1d11      99%         5
 Iskenderun's Battlesphe  Conj           2%         2d6       99%         5
 Yara's Violent Unravell  Hex/Tmut       1%         3d3       99%         5
 Leda's Unmaking          Conj/Erth      1%         9d1       100%        6
 Plasma Beam              Fire/Air       1%         2x1d11    100%        6
 Enfeeble                 Hex            1%         N/A       100%        7
 Spellforged Servitor     Conj/Summ      1%         N/A       100%        7


Dungeon Overview and Level Annotations

Branches:
Dungeon (6/15)             Temple (1/1) D:5           Sewer (visited)

Altars:
Ashenzari
Dithmenos
Elyvilon
Gozag
Makhleb
Nemelex Xobeh
Ru
Uskayaw
Vehumet
Yredelemnul
Zin
The Shining One

Shops:
D:5 *


Innate Abilities, Weirdness & Mutations

You are a hulking beast.
Your limbs bulge with bestial killing power. (Slay +4)
You have razor-sharp teeth.
Your natural rate of healing is unusually fast.
When hurt, damage is shared between your health and your magic reserves.
Your bite disrupts and absorbs the magic of your enemies.
Potions cannot restore your health.


Message History

The gnoll hits you from afar with a +0 spear!
You struggle against the net.
The ufetubus hits you but does no damage.
The ufetubus closely misses you. The gnoll barely misses you.
The ufetubus completely misses you. The ufetubus hits you.
The gnoll barely misses you.
The gnoll hits you from afar with a +0 spear.
You struggle against the net.
The gnoll is no longer moving quickly.
The ufetubus hits you but does no damage. x2
An adder comes into view.
The gnoll hits you from afar with a +2 antimagic spear!
You feel your power leaking away. The gnoll hits you with a +0 flail!
* * * LOW HITPOINT WARNING * * *
The gnoll closely misses you.
Okay, then.
You struggle against the net.
The adder hisses angrily.
The ufetubus hits you.
* * * LOW HITPOINT WARNING * * *
The ufetubus hits you.
* * * LOW HITPOINT WARNING * * *
The gnoll hits you from afar with a +2 antimagic spear!
* * * LOW HITPOINT WARNING * * *
The ufetubus hits you but does no damage. x2
The gnoll barely misses you. The gnoll hits you but does no damage.
You rip the net and break free!
The ufetubus completely misses you. x2
The gnoll hits you from afar with a +2 antimagic spear.
* * * LOW HITPOINT WARNING * * *
The gnoll barely misses you. The gnoll closely misses you.
You sock the gnoll!
Your weapon exudes an aura of protection.
You kill the gnoll!
The ufetubus hits you but does no damage.
The ufetubus barely misses you.
The gnoll hits you from afar with a +2 antimagic spear.
* * * LOW HITPOINT WARNING * * *
The ufetubus hits you but does no damage.
The ufetubus hits you.
You die...

# ..<.# #........ #
.....##.....(.. #
.............. #
............# ####
..........S# .... #....g.g..#
.... ##...))5.#####
.........##....)h......# ..
......##...##........ #
......#... #........ ##
#(.......####........
.###.......###..........#...#
.##.......#.##.#....#.......#
..##.†....#..#.....####.....#
..#........#..###..# #....##
......#......#.# ..# #....##


You could see 2 gnolls, an adder and an ufetubus.

Vanquished Creatures
  5 yaks (D:6)
  Edmund (D:6)
  The ghost of paps the Changeling, an amateur OpSh (D:3)
  Duvessa (D:6)
  A water moccasin (D:6)
  2 orc warriors
  An ice beast (D:6)
  An ogre (D:5)
  A centaur (D:5)
  A phantom (D:4)
  3 bullfrogs
  A gnoll sergeant (D:6)
  Dowan (D:6)
  A bullfrog zombie (D:3)
  7 hounds
  A jelly (D:6)
  3 orc priests
  A centaur skeleton (D:3)
  A gnoll bouda (D:6)
  A bullfrog skeleton (D:3)
  A sleepcap (D:5)
  3 iguanas
  6 gnolls
  15 adders
  4 river rats (Sewer)
  A shadow imp (D:5)
  5 worms
  19 orcs
  8 bats
  9 endoplasms
  4 giant cockroaches
  12 goblins
  8 hobgoblins
  A jackal (D:3)
  3 quokkas
  21 ball pythons
  6 frilled lizards
  6 kobolds
  34 rats
201 creatures vanquished.

Notes
Turn   | Place    | Note
-------+----------+-------------------------------------------
     0 | D:1      | Ethylacetat the Vine Stalker Monk began the quest for the
                  | Orb.
     0 | D:1      | Reached XP level 1. HP: 11/11 MP: 2/2
    93 | D:1      | Found a faded altar of an unknown god.
   201 | D:1      | Reached XP level 2. HP: 13/16 MP: 3/3
   520 | D:1      | Reached skill level 1 in Shapeshifting
   883 | D:2      | Reached skill level 1 in Spellcasting
   883 | D:2      | Reached XP level 3. HP: 10/19 MP: 5/5
  1170 | D:2      | Found a sparkling altar of Nemelex Xobeh.
  1648 | D:2      | Gained mutation: Your natural rate of healing is unusually
                  | fast. [Vine Stalker growth]
  1648 | D:2      | Reached XP level 4. HP: 24/24 MP: 6/6
  1871 | D:3      | Found a radiant altar of Vehumet.
  1898 | D:3      | Identified the +4 spear of the Grey Skies {drain, *Rage rN+
                  | Will+ Dex+3}
  1970 | D:3      | Reached skill level 2 in Shapeshifting
  2013 | D:3      | Found a runed translucent gate.
  2013 | D:3      | Found a runed translucent gate.
  2013 | D:3      | Found a runed translucent gate.
  2014 | D:3      | Noticed paps's ghost (amateur OpSh)
  2136 | D:3      | Reached XP level 5. HP: 28/28 MP: 8/8
  2192 | D:3      | Found a white marble altar of Elyvilon.
  2196 | D:3      | Found a shadowy altar of Dithmenos.
  2303 | D:3      | Found a hide-covered altar of Uskayaw.
  2620 | D:3      | Killed paps's ghost
  2621 | D:3      | Reached skill level 3 in Shapeshifting
  2621 | D:3      | Reached XP level 6. HP: 32/32 MP: 8/10
  2870 | D:4      | Identified the +1 pair of boots of the Spider Nest {Fly}
  2968 | D:4      | Reached XP level 7. HP: 37/37 MP: 12/12
  3298 | D:5      | Entered Level 5 of the Dungeon
  3343 | D:5      | Found a glowing golden altar of the Shining One.
  3343 | D:5      | Found a sacrificial altar of Ru.
  3398 | D:5      | Found a glowing drain.
  3404 | Sewer    | Entered a sewer
  3437 | Sewer    | Reached skill level 4 in Shapeshifting
  3705 | Sewer    | Gained mutation: You have razor-sharp teeth. [Vine Stalker
                  | growth]
  3705 | Sewer    | Reached XP level 8. HP: 42/42 MP: 10/14
  3857 | D:5      | Reached skill level 5 in Unarmed Combat
  3927 | D:5      | Found a staircase to the Ecumenical Temple.
  3938 | D:5      | Reached skill level 5 in Shapeshifting
  3945 | Temple   | Entered the Ecumenical Temple
  4313 | D:5      | Found Estod's Assorted Antiques.
  4321 | D:5      | Bought a bronze wand for 84 gold pieces
  4321 | D:5      | Bought a scroll labelled VURGHI ELOLOEBEAMO for 21 gold
                  | pieces
  4321 | D:5      | Bought a purple potion for 18 gold pieces
  4321 | D:5      | Bought a sedimented ruby potion for 18 gold pieces
  4813 | D:6      | Reached skill level 5 in Fighting
  4946 | D:6      | Found the +7 staff of the Meek {protect, meekguard}
  5089 | D:6      | Noticed a yak
  5089 | D:6      | Noticed a yak
  5090 | D:6      | Noticed a yak
  5091 | D:6      | Noticed Dowan
  5091 | D:6      | Noticed Edmund
  5091 | D:6      | Noticed a yak
  5113 | D:6      | Noticed a yak
  5114 | D:6      | Killed a yak
  5115 | D:6      | Reached XP level 9. HP: 46/47 MP: 15/17
  5116 | D:6      | Reached skill level 6 in Shapeshifting
  5120 | D:6      | Reached skill level 5 in Spellcasting
  5138 | D:6      | Killed Edmund
  5139 | D:6      | Noticed Duvessa
  5141 | D:6      | Killed Dowan
  5150 | D:6      | Killed Duvessa
  5178 | D:6      | Learned a level 3 spell: Vhi's Electric Charge
  5518 | D:6      | Reached skill level 7 in Shapeshifting
  5579 | D:6      | HP: 2/48 [gnoll/+2 antimagic spear[a gnoll bouda] (5)]
  5581 | D:6      | Slain by an ufetubus

Illustrated notes

Levels and vault maps discovered:
D:1:      matt_arrival_diagonals, layout_loops_corners,
          hellmonk_ecumenical_altar_heavens_door
D:2:      minmay_diamond_boxcup, layout_loops_corners, basic_altar, hex_tiny
D:3:      layout_rooms, eat_drink_and_be_merry_uskayaw,
          mainiacjoe_overflow_24_doors, jmf_multi_god_temple,
          gammafunk_ghost_necromancy, serial_corexii_hall,
          corexii_hall_statues_t, corexii_hall_statues_x,
          nicolae_concentric_dashed_squares_mild, minmay_pentangle
D:4:      layout_loops_ring, nicolae_figureground_pulse
D:5:      layout_loops_corners, mainiacjoe_overflow_large_starburst,
          minmay_temple_entry_wispy, serial_shops, shop,
          gup_sewer_entry_bubbles, serial_bayou, serial_bayou_ford_a,
          serial_bayou_lagoon_b, serial_bayou_shore_b, serial_bayou_pond_b
D:6:      layout_layer_cave, pf_guarded_unrand_meek, uniq_duvessa, uniq_edmund
Temple:   nicolae_temple_superstar

Skill      XL: |  1  2  3  4  5  6  7  8  9 |
---------------+----------------------------+-----
Shapeshifting  | 1 2 3 4 5 7 |  7.0
Spellcasting   | 1 2 3 4 5 |  5.7
Fighting       | 3 4 5 6 |  6.0
Unarmed Combat | 4 5 6 |  6.6
Dodging        | |  2.4

Action                     |  1- 3 |  4- 6 |  7- 9 || total
---------------------------+-------+-------+-------++-------
  Melee: Unarmed           |    73 |    25 |       ||    98
         Bite              |    18 |    19 |    48 ||    85
         Spear             |       |    69 |   188 ||   257
         Quarterstaff      |       |       |    62 ||    62
    Use: Scroll            |       |     1 |     3 ||     4
   Stab: Sleeping          |       |     1 |       ||     1
 Armour: Robe              |    16 |    13 |    67 ||    96
  Dodge: Dodged            |    47 |    49 |   160 ||   256
   Form: Beast             |     1 |       |       ||     1

Table legend: (Time is in decaauts)
 A = Elapsed time spent in this place.
 B = Non-inter-level travel time spent in this place.
 C = Inter-level travel time spent in this place.
 D = Time resting spent in this place.
 E = Time spent auto-exploring this place.
 F = Levels seen in this place.
 G = Mean time per level.
                   A        B        C        D        E       F      G
               +--------+--------+--------+--------+--------+-----+--------+
         Total |   5924 |   5772 |    152 |    229 |   4359 |   8 |  740.5 |
       Dungeon |   5519 |   5367 |    152 |    155 |   4202 |   6 |  919.8 |
        Temple |      2 |      2 |      0 |      0 |      0 |   1 |    2.0 |
         Sewer |    401 |    401 |      0 |     73 |    157 |   1 |  401.0 |
               +--------+--------+--------+--------+--------+-----+--------+

Top non-repeatable levels by time:
     D:5: 1100 daAuts
     D:6: 1009 daAuts
     D:3: 941 daAuts
     D:2: 900 daAuts
     D:1: 873 daAuts
     D:4: 693 daAuts
   Sewer: 401 daAuts
  Temple: 2 daAuts
